 Dungeon Crawl Stone Soup version 0.20.0-8-g6b59dc7 (webtiles) character file.

563 anfisbena the Skirmisher (level 7, 0/79 HPs)
             Began as an Ogre Hunter on May 30, 2017.
             Was a Follower of Okawaru.
             Slain by MTVSty1e's ghost (10 damage)
             ... on level 5 of the Dungeon.
             The game lasted 00:04:07 (4305 turns).

anfisbena the Skirmisher (Ogre Hunter)              Turns: 4305, Time: 00:04:08

Health: 0/79       AC:  3    Str: 17    XL:     7   Next: 32%
Magic:  7/7        EV: 10    Int: 12    God:    Okawaru [*.....]
Gold:   214        SH:  0    Dex: 11    Spells: 6/6 levels left

rFire    . . .     SeeInvis .   h - +2 spear (venom)
rCold    . . .     Gourm    .   (no shield)
rNeg     . . .     Faith    .   b - +0 robe
rPois    .         Spirit   .   (helmet restricted)
rElec    .         Reflect  .   (no cloak)
rCorr    .         Harm     .   (gloves unavailable)
MR       .....                  (boots unavailable)
Stlth    +.........             (no amulet)
Regen    0.3/turn               (no ring)
MPRegen  0.1/turn               (no ring)

@: drained
A: unfitting armour, tough skin 1
a: Heroism, Renounce Religion


You were on level 5 of the Dungeon.
You worshipped Okawaru.
Okawaru was aware of your devotion.
You were not hungry.

You visited 2 branches of the dungeon, and saw 6 of its levels.

You collected 214 gold pieces.

Inventory:

Hand Weapons
 h - a +2 spear of venom (weapon)
 p - a +0 flail
Missiles
 c - 5 large rocks (quivered)
 d - 2 throwing nets
Armour
 b - a +0 robe (worn)
Scrolls
 e - 2 scrolls of fog {unknown}
 g - 2 scrolls of recharging {unknown}
 i - 6 scrolls of remove curse
 j - 3 scrolls of enchant weapon {unknown}
 k - a scroll of amnesia {unknown}
 m - 6 scrolls of identify {unknown}
 r - a scroll of fear {unknown}
 x - a scroll of blinking {unknown}
 y - a scroll of immolation {unknown}
 z - a scroll of noise {unknown}
Potions
 a - a potion of ambrosia {unknown}
 l - a potion of magic
 q - a potion of flight {unknown}
 s - a potion of invisibility {unknown}
 t - a potion of brilliance {unknown}
 u - a potion of heal wounds
 v - a potion of curing
Comestibles
 f - 4 bread rations
 n - 4 meat rations
 o - a royal jelly
 w - a fruit
 A - 2 chunks of flesh


   Skills:
 + Level 7.7(7.5) Fighting
 * Level 4.4(4.2) Maces & Flails
 - Level 4.0(3.7) Throwing
 - Level 1.7(1.5) Dodging
 - Level 0.6(0.4) Stealth


You had 6 spell levels left.
You didn't know any spells.

Dungeon Overview and Level Annotations

Branches:
Dungeon (5/15)             Temple (1/1) D:4

Altars:
Fedhas
Okawaru
Ru
Xom
Zin

Shops:
D:4 =((*(

Annotations:
D:5 MTVSty1e's ghost, novice DrTm


Innate Abilities, Weirdness & Mutations

You are too large for most types of armour.
You have tough skin. (AC +1)


Message History

You barely miss MTVSty1e's ghost. The leopard gecko barely misses you.
MTVSty1e's ghost hits you but does no damage.
It was a potion of curing.
You feel better. The leopard gecko barely misses you.
MTVSty1e's ghost hits you. The leopard gecko bites you.
* * * LOW HITPOINT WARNING * * *
You hit the leopard gecko.
The leopard gecko is severely wounded.
MTVSty1e's ghost hits you.
* * * LOW HITPOINT WARNING * * *
The leopard gecko barely misses you. MTVSty1e's ghost hits you!
* * * LOW HITPOINT WARNING * * *
You hit the leopard gecko.
You kill the leopard gecko!
Okawaru accepts your kill.
The orc priest mumbles some strange prayers to Beogh against you.
Beogh smites you!
* * * LOW HITPOINT WARNING * * *
MTVSty1e's ghost hits you!
You die...

...........'....###.
##'#########........# .#
..........####.####.##.
..........# #.# #...
..........# #.###...#
..........####...=...#
..........##.......... .
....[..........###.##....
........##......@Wo......
........##.....†###.#....
........##....#.[...# .
........#######.#.##
..####### #..... ##
#...### #...# #...#


You could see an orc priest and MTVSty1e's ghost.

Vanquished Creatures
  A wyvern (D:4)
  2 hounds (D:4)
  A bullfrog skeleton (D:5)
  2 orc wizards (D:5)
  2 iguanas
  A worker ant (D:4)
  A hound skeleton (D:4)
  3 gnolls (D:2)
  6 adders
  An ooze (D:4)
  6 worms
  4 dart slugs
  2 leopard geckos
  5 orcs (D:5)
  2 giant cockroaches
  5 goblins
  6 hobgoblins
  4 jackals (D:2)
  2 quokkas
  A ball python (D:2)
  6 bats
  7 frilled lizards
  7 kobolds
  12 rats
89 creatures vanquished.

Notes
Turn   | Place    | Note
-------+----------+-------------------------------------------
     0 | D:1      | anfisbena the Ogre Hunter began the quest for the Orb.
     0 | D:1      | Reached XP level 1. HP: 22/22 MP: 1/1
   101 | D:1      | Reached skill level 3 in Fighting
   224 | D:1      | Reached XP level 2. HP: 31/32 MP: 2/2
   719 | D:1      | Reached skill level 4 in Fighting
  1074 | D:2      | Reached XP level 3. HP: 15/40 MP: 3/3
  1449 | D:2      | Reached skill level 5 in Fighting
  1668 | D:2      | Reached XP level 4. HP: 50/50 MP: 4/4
  1691 | D:2      | Reached skill level 6 in Fighting
  2174 | D:2      | Reached skill level 1 in Maces & Flails
  2245 | D:3      | Reached XP level 5. HP: 54/59 MP: 5/5
  2954 | D:4      | Found Maihom's Weapon Emporium.
  2980 | D:4      | Found a staircase to the Ecumenical Temple.
  3033 | Temple   | Entered the Ecumenical Temple
  3075 | Temple   | Became a worshipper of Warmaster Okawaru
  3274 | D:4      | Noticed a wyvern
  3278 | D:4      | Killed a wyvern
  3278 | D:4      | Reached * piety under Okawaru
  3278 | D:4      | Reached skill level 7 in Fighting
  3278 | D:4      | Reached XP level 6. HP: 71/71 MP: 6/6
  3284 | D:4      | Found Yfehicw's General Store.
  3337 | D:4      | Found Jyssoux's Antique Weapon Emporium.
  3512 | D:4      | Found Haaj's Antique Weapon Emporium.
  3517 | D:4      | Found Nuinn's Jewellery Shop.
  3759 | D:4      | Reached XP level 7. HP: 71/78 MP: 7/7
  3946 | D:5      | Entered Level 5 of the Dungeon
  4277 | D:5      | Noticed MTVSty1e's ghost (novice DrTm)
  4305 | D:5      | Slain by MTVSty1e's ghost

Skill      XL: |  1  2  3  4  5  6  7 |
---------------+----------------------+-----
Fighting       | 3 4 5 6 7 |  7.7
Maces & Flails | 1 3 4 |  4.4
Throwing       | |  4.0
Dodging        | |  1.7
Stealth        | |  0.6

Action                   |  1- 3 |  4- 6 |  7- 9 || total
-------------------------+-------+-------+-------++-------
Melee: Short sword       |    98 |       |       ||    98
       Spear             |    17 |   157 |    52 ||   226
Throw: Large rock        |     1 |     1 |       ||     2
  Use: Scroll            |     1 |       |       ||     1
       Potion            |       |       |     3 ||     3
 Stab: Sleeping          |     1 |     1 |       ||     2
  Eat: Chunk             |     2 |     7 |     2 ||    11
Armor: Robe              |    43 |    19 |    11 ||    73
Dodge: Dodged            |    75 |    64 |    34 ||   173
